 Dungeon Crawl Stone Soup version 0.29.0-4-gdea44cf6ec (webtiles) character file.

Game seed: 14961289055496986667

64 qw the Ruffian (level 3, -2/36 HPs)
             Began as a Troll Cinder Acolyte on Sept 1, 2022.
             Was a High Priest of Ignis.
             Slain by Sigmund
             ... wielding a +4 scythe of venom
              (8 damage)
             ... on level 2 of the Dungeon.
             The game lasted 00:00:46 (1190 turns).

qw the Ruffian (Troll Cinder Acolyte)               Turns: 1190, Time: 00:00:46

Health: -2/36      AC: 12    Str: 24    XL:     3   Next: 91%
Magic:  3/3        EV:  9    Int: 10    God:    Ignis [*****.]
Gold:   103        SH:  0    Dex:  5    Spells: 4/4 levels left

rFire   + . .      SeeInvis .     - Unarmed
rCold   . . .      Faith    .   (no shield)
rNeg    . . .      Spirit   .   a - +0 robe
rPois   .          Reflect  .   d - +1 hat
rElec   .          Harm     .   (no cloak)
rCorr   .          Rampage  .   (gloves unavailable)
Will    .....                   (boots unavailable)
Stlth   +.........              (no amulet)
HPRegen 0.92/turn               (no ring)
MPRegen 0.08/turn               (no ring)

@: fiery-armoured
A: large, unfitting armour, claws 3, regeneration 1, shaggy fur 1, tough skin 1
a: Renounce Religion, Fiery Armour, Foxfire Swarm, Rising Flame


You were on level 2 of the Dungeon.
You worshipped Ignis.
Ignis was extremely pleased with you.
You visited 1 branch of the dungeon, and saw 2 of its levels.

You collected 103 gold pieces.


Innate Abilities, Weirdness & Mutations

You are too large for most types of armour.
You have claws for hands.
Your natural rate of healing is unusually fast.
You are covered in fur. (AC +1)
You have tough skin. (AC +1)


   Skills:
 - Level 2.4 Fighting
 + Level 0.7 Throwing
 - Level 4.7 Unarmed Combat
 - Level 1.0 Spellcasting
 - Level 2.1 Fire Magic


You had 4 spell levels left.
You didn't know any spells.
Your spell library contained the following spells:

 Spells                   Type           Power      Damage    Failure   Level
 Scorch                   Fire           8%         2d5       22%         2

Inventory:

Missiles
 j - 3 large rocks (quivered)
Armour
 a - a +0 robe (worn)
 d - a +1 hat (worn)
Scrolls
 e - 2 scrolls of identify
 f - a scroll of blinking {unknown}
 k - a scroll of acquirement {unknown}
 m - a scroll of teleportation {unknown}
Potions
 b - a potion of invisibility {unknown}
 c - a potion of flight {unknown}
 g - 2 potions of curing {unknown}
 h - a potion of heal wounds {unknown}
 i - a potion of mutation {unknown}
 l - a potion of cancellation {unknown}

Dungeon Overview and Level Annotations

Branches:
Dungeon (2/15)

Altars:
Uskayaw

Shops:
D:1 *

Annotations:
D:2 Sigmund


Message History

You kill the giant cockroach!
j - 3 large rocks (gained 1)
You see here a giant cockroach corpse.
Sigmund and a dart slug come into view.
Sigmund is wielding a +4 scythe of venom and carrying a wand of quicksilver (8).
Sigmund shouts!
Sigmund casts a spell at you.
You are confused.
A kobold comes into view. It is wielding a +0 whip of draining.
Enter note: You bump into the rock wall.
The kobold shouts!
Sigmund screams, "Don't try to resist!"
Sigmund casts a spell at you. The puff of flame hits you. You resist.
You're too confused to move!
The dart slug bites the plant.
The plant begins to die.
You're too confused to move!
You feel less confused.
Sigmund zaps a wand.
The bolt of dispelling energy hits you! The kobold barely misses you.
The dart slug bites the plant.
You claw the kobold!
You kill the kobold!
Sigmund gestures at you while chanting. The puff of flame hits you. You resist.
The dart slug bites the plant.
You see here a +0 whip of draining.
You closely miss Sigmund.
Sigmund zaps a wand.
The bolt of dispelling energy hits you.
You barely miss Sigmund.
A nearby plant withers and dies.
Sigmund zaps a wand.
The bolt of dispelling energy hits you!
1188 ||| INVOKING Fiery Armour.
A protective cloak of flame settles atop you.
Sigmund barely misses you.
You claw Sigmund!
Sigmund is heavily wounded.
You scratch Sigmund but do no damage.
Sigmund is heavily wounded.
Sigmund hits you with a +4 scythe of venom!
You die...

.^.....+
###..#...#
.......#
#....#.###
###....#
#.#.##.#
..#....#
#.#....#
..#....#
#.######
..#."..#
#.#####
....####
#.....#
###.#
###...#.##
#.#
#..@.w...#
#.##
#.@..P...#
#..#
#...####..#
##.# .....
....
####.##
#..... .#.#
......#
#....P . #
......#
####.. ##
......##.#
#..
......../#


You could see Sigmund and a dart slug.

Vanquished Creatures
  2 adders (D:2)
  4 dart slugs
  A bat (D:2)
  5 endoplasms
  2 giant cockroaches (D:2)
  A goblin (D:2)
  3 hobgoblins
  6 jackals
  2 quokkas (D:1)
  2 ball pythons (D:1)
  4 frilled lizards
  2 kobolds
  2 rats
36 creatures vanquished.

Vanquished Creatures (others)
  A plant (D:2)
1 creature vanquished.

Grand Total: 37 creatures vanquished

Notes
Turn   | Place    | Note
-------+----------+-------------------------------------------
     0 | D:1      | qw the Troll Cinder Acolyte began the quest for the Orb.
     0 | D:1      | Reached XP level 1. HP: 22/22 MP: 1/1
     0 | D:1      | 0 ||| qw: Version: 0.1-a-97-g2dd2ca4
     0 | D:1      | 0 ||| qw: Game counter: 4796
     0 | D:1      | 0 ||| qw: Always use a shield: true
     0 | D:1      | 0 ||| qw: God list: Okawaru
     0 | D:1      | 0 ||| qw: Allow faded altars: false
     0 | D:1      | 0 ||| qw: Do Orc after D:15 true
     0 | D:1      | 0 ||| qw: Do second Lair branch before Depths: true
     0 | D:1      | 0 ||| qw: Lair rune preference: random
     0 | D:1      | 0 ||| qw: Plans: Normal
     0 | D:1      | 0 ||| PLANNING D:1-11
    64 | D:1      | 64 ||| Stepping ~*~*~tactically~*~*~ (outnumbered).
    65 | D:1      | 65 ||| Stepping ~*~*~tactically~*~*~ (outnumbered).
   168 | D:1      | Reached XP level 2. HP: 29/29 MP: 2/2
   174 | D:1      | 174 ||| Stepping ~*~*~tactically~*~*~ (stealth).
   279 | D:1      | Found Kofrenoc's General Store.
   288 | D:1      | 288 ||| SHOPLISTING amulet of the acrobat (360 gold, have
                  | 22).
   288 | D:1      | 288 ||| SHOPLISTING potion of resistance (120 gold, have
                  | 22).
   343 | D:1      | Reached skill level 4 in Unarmed Combat
   642 | D:1      | 642 ||| UPGRADING to +1 hat.
   647 | D:1      | 647 ||| READING 2 scrolls labelled ISTROO LOXTERGHOQ.
   648 | D:1      | 648 ||| READING scroll labelled HOTZEF WOCUETI.
   649 | D:1      | 649 ||| READING scroll labelled BIREWN UNATH.
   650 | D:1      | 650 ||| READING scroll labelled VIHEYS VO IKH.
   714 | D:2      | Reached XP level 3. HP: 36/36 MP: 3/3
   763 | D:2      | 763 ||| Stepping ~*~*~tactically~*~*~ (hiding).
   880 | D:2      | Found a hide-covered altar of Uskayaw.
   990 | D:2      | 990 ||| Stepping ~*~*~tactically~*~*~ (stealth).
   991 | D:2      | 991 ||| Stepping ~*~*~tactically~*~*~ (stealth).
  1178 | D:2      | Noticed Sigmund
  1187 | D:2      | HP: 3/36 [Sigmund/bolt of dispelling energy (17)]
  1188 | D:2      | 1188 ||| INVOKING Fiery Armour.
  1190 | D:2      | Slain by Sigmund

Levels and vault maps discovered:
D:1:      heliophobic_arrival_enchanted_forest, layout_basic, serial_shops,
          nicolae_square_shop, due_unseen_surprise
D:2:      layout_basic, basic_altar, corexii_shack, kennysheep_generic_room_10,
          uniq_sigmund

Skill      XL: |  1  2 |
---------------+-------+-----
Unarmed Combat | 4 |  4.7
Fighting       | |  2.4
Throwing       | |  0.7
Spellcasting   | |  1.0
Fire Magic     | |  2.1

Action                   || total
-------------------------++-------
Melee: Unarmed           ||    91
       Punch             ||     2
Throw: Large rock        ||     3
Invok: Fiery Armour      ||     1
  Use: Scroll            ||     4
Armor: Robe              ||    34
Dodge: Dodged            ||    30

Table legend:
 A = Non-vault XP
 B = Vault XP
 C = Vault XP percentage of total XP
 D = Non-vault monster count
 E = Vault monster count
 F = Vault count percentage of total count
                 A         B        C        D         E       F
            +---------+---------+-------+---------+---------+-------
      Total |      90 |       2 |   2.2 |      35 |       1 |   2.8
            +---------+---------+-------+---------+---------+-------
        D:1 |      36 |       0 |   0.0 |      19 |       0 |   0.0
        D:2 |      54 |       2 |   3.6 |      16 |       1 |   5.9
            +---------+---------+-------+---------+---------+-------
